 Seeded DCSS version 0.30-a0-883-g5ad918d77d (webtiles) character file.

Game seed: 15748772131455733785 (custom seed)

196 Parcival the Trooper (level 5, 0/47 HPs)
             Began as a Minotaur Fighter on Mar 17, 2023.
             Slain by Nabski's ghost (4 damage)
             ... on level 3 of the Dungeon.
             The game lasted 00:05:01 (2781 turns).

Parcival the Trooper (Minotaur Fighter)             Turns: 2781, Time: 00:05:02

Health: 0/47       AC: 13    Str: 28    XL:     5   Next: 45%
Magic:  4/4        EV:  7    Int:  5    God:
Gold:   129        SH:  4    Dex: 10    Spells: 4/4 levels left

rFire   . . .      SeeInvis .    j - +0 broad axe
rCold   . . .      Faith    .    c - +0 buckler
rNeg    . . .      Spirit   .    e - +1 plate armour
rPois   +          Reflect  .    (helmet restricted)
rElec   .          Rampage  .    (no cloak)
rCorr   .                        (no gloves)
Will    .....                    (no boots) Stlth
                                 (no amulet)
HPRegen 0.27/turn                g - +6 ring of strength
MPRegen 0.09/turn                n - ring of poison resistance

@: mighty
A: horns 2, retaliatory headbutt
a: no special abilities


You were on level 3 of the Dungeon.
You visited 1 branch of the dungeon, and saw 3 of its levels.

You collected 129 gold pieces.

Inventory:

Hand Weapons
 a - a +0 flail
 j - a +0 broad axe (weapon)
Armour
 b - a +0 scale mail
 c - a +0 buckler (worn)
 e - a +1 plate armour (worn)
Jewellery
 g - a +6 ring of strength (left hand)
 n - a ring of poison resistance (right hand)
Wands
 l - a wand of acid (9)
 r - a wand of polymorph (9)
 u - a wand of flame (19)
Scrolls
 h - a scroll of fog
 o - a scroll of poison {unknown}
 q - a scroll of noise {unknown}
 s - a scroll of blinking
 t - a scroll of magic mapping {unknown}
Potions
 d - a potion of might
 f - a potion of heal wounds {unknown}
 i - 2 potions of mutation
 k - 3 potions of brilliance {unknown}
 m - a potion of lignification {unknown}
 p - a potion of resistance {unknown}
 v - 2 potions of ambrosia {unknown}


   Skills:
 + Level 4.7 Fighting
 + Level 2.7(3.7) Axes
 + Level 3.7(4.2) Maces & Flails
 + Level 4.7 Armour
 + Level 0.2 Dodging
 + Level 0.4 Stealth
 + Level 4.1 Shields


You had 4 spell levels left.
You didn't know any spells.
Your spell library contained the following spells:

 Spells                   Type           Power      Damage    Failure   Level
 Slow                     Hex            0%         N/A       100%        1
 Confusing Touch          Hex            0%         N/A       100%        3
 Ignite Poison            Fire/Tmut/Pois 0%         N/A       100%        3
 Kindle Blastsparks       Fire/Tloc/Air  0%         2d10      100%        3
 Vampiric Draining        Necr           0%         2d6       100%        3
 Freezing Cloud           Conj/Ice/Air   0%         6-21      100%        5


Dungeon Overview and Level Annotations

Branches:
Dungeon (3/15)

Altars:

Annotations:
D:3 Nabski's ghost, amateur TeFE; Natasha


Innate Abilities, Weirdness & Mutations

You have a pair of horns on your head.
You reflexively headbutt those who attack you in melee.


Message History

You hit the dart slug.
The dart slug is heavily wounded.
The dart slug launches a dart at you. The slug dart hits you.
You slash the dart slug!
You kill the dart slug!
d - 2 potions of might (gained 1)
There is an open door here.
You open the door.
There is an open door here.
You open the door.
There is an open door here.
There is an open door here.
You see here a +0 ring mail.
Nabski's ghost turns its malevolent gaze towards you.
Could not explore, unopened runed door.
You open the door.
Natasha, Servant of Life and Death comes into view.
There is an open translucent door here.
You closely miss Nabski's ghost.
Natasha hisses angrily.
Nabski's ghost hits you. Nabski's ghost barely misses you.
You furiously retaliate!
You headbutt Nabski's ghost. You barely miss Nabski's ghost.
Your headbutt misses Nabski's ghost.
Nabski's ghost is lightly damaged.
Natasha casts a spell at you. The magic dart hits you.
Nabski's ghost hits you but does no damage.
You are electrocuted!!
You barely miss Nabski's ghost.
Nabski's ghost is lightly damaged.
Nabski's ghost hits you but does no damage.
You are electrocuted!
* * * LOW HITPOINT WARNING * * *
Natasha casts a spell at you. The magic dart hits you.
* * * LOW HITPOINT WARNING * * *
You feel very mighty all of a sudden. Nabski's ghost hits you.
You die...

...######.####.....##...........#
...................##...........#
.#.######.##################.####
.#.#......# #.?.# #.# #
.#.#.###### #.~.# #.# # .#.#.#
#.~.##########.# # .#.#.#
#.~.#..##...##.# # .#.#.#
#.W.#..##...##.# # .#.#.#
##@##..##...##.# # .#.#.#
#......##...##.#### ##.#.####
#...h..##...##..... #......#
###.....##...####### #####.#.#
#..'....'......†..#. ......#.#
#.##....###....†#.#. #######.#
#.##....# #.....#.#.
####'######.##....# #.....#.#.
#...........####### #.....#.#.


You could see Natasha and Nabski's ghost.

Vanquished Creatures
  Ijyb (D:3)
  Natasha (D:3)
  3 adders (D:2)
  3 gnolls (D:2)
  2 worms (D:2)
  3 dart slugs (D:3)
  11 endoplasms
  2 giant cockroaches (D:1)
  5 goblins
  6 hobgoblins
  11 jackals
  A quokka (D:2)
  7 ball pythons
  2 bats
  4 frilled lizards
  6 kobolds
  5 rats
73 creatures vanquished.

Notes
Turn   | Place    | Note
-------+----------+-------------------------------------------
     0 | D:1      | Parcival the Minotaur Fighter began the quest for the Orb.
     0 | D:1      | Reached XP level 1. HP: 19/19 MP: 0/0
   330 | D:1      | Reached XP level 2. HP: 27/27 MP: 1/1
   982 | D:2      | Reached XP level 3. HP: 33/33 MP: 2/2
  1092 | D:2      | Reached skill level 1 in Axes
  1172 | D:2      | Reached XP level 4. HP: 37/41 MP: 3/3
  1681 | D:2      | Found a faded altar of an unknown god.
  2118 | D:3      | Found a runed translucent door.
  2398 | D:3      | Reached XP level 5. HP: 46/47 MP: 4/4
  2465 | D:3      | Noticed Ijyb
  2466 | D:3      | Noticed Natasha
  2474 | D:3      | Killed Natasha
  2477 | D:3      | Killed Ijyb
  2774 | D:3      | Noticed Nabski's ghost (amateur TeFE)
  2776 | D:3      | Noticed Natasha
  2781 | D:3      | Slain by Nabski's ghost

Illustrated notes

Levels and vault maps discovered:
D:1:      dpeg_arrival_brainrot, layout_basic, hangedman_decor_growths,
          minmay_misc_feat_rugged, nicolae_titane
D:2:      minmay_recursive_quarters, layout_basic,
          dreamdust_ecumenical_altar_sealed_demon, serial_glass,
          glass_columns_c, glass_columns_a, hex_tiny
D:3:      layout_basic, ebering_ghost_reflecting_pool,
          minmay_misc_feat_four_crosses, uniq_ijyb, uniq_natasha

Skill      XL: |  1  2  3  4 |
---------------+-------------+-----
Fighting       | 4 |  4.7
Armour         | 4 |  4.7
Shields        | 4 |  4.1
Axes           | 1 2 |  2.7
Maces & Flails | 3 |  3.7
Dodging        | |  0.2
Stealth        | |  0.4

Action                     |  1- 3 |  4- 6 || total
---------------------------+-------+-------++-------
  Melee: Flail             |    34 |       ||    34
         Broad axe         |    32 |    65 ||    97
         Headbutt          |     4 |    13 ||    17
    Use: Scroll            |     1 |     4 ||     5
         Potion            |       |     1 ||     1
 Armour: Plate armour      |    64 |    69 ||   133
         Scale mail        |     5 |       ||     5
  Dodge: Dodged            |    33 |    41 ||    74
  Block: Buckler           |    20 |    27 ||    47

Table legend: (Time is in decaauts)
 A = Elapsed time spent in this place.
 B = Non-inter-level travel time spent in this place.
 C = Inter-level travel time spent in this place.
 D = Time resting spent in this place.
 E = Time spent auto-exploring this place.
 F = Levels seen in this place.
 G = Mean time per level.
                   A        B        C        D        E       F      G
               +--------+--------+--------+--------+--------+-----+--------+
         Total |   2863 |   2755 |    108 |      0 |   2170 |   3 |  954.3 |
       Dungeon |   2863 |   2755 |    108 |      0 |   2170 |   3 |  954.3 |
               +--------+--------+--------+--------+--------+-----+--------+

Top non-repeatable levels by time:
     D:2: 984 daAuts
     D:1: 971 daAuts
     D:3: 907 daAuts
